 Dungeon Crawl Stone Soup version 0.30-a0-354-g6b83867211 (webtiles) character file.

Game seed: 10544890758779184141

91 Sweetruy1997 the Shield-Bearer (level 4, -1/40 HPs)
             Began as a Hill Orc Fighter on Nov 8, 2022.
             Killed from afar by a lightning spire (12 damage)
             ... with a bolt of electricity
             ... summoned by Palms's ghost
             ... on level 3 of the Dungeon.
             The game lasted 00:05:52 (2415 turns).

Sweetruy1997 the Shield-Bearer (Hill Orc Fighter)   Turns: 2415, Time: 00:05:52

Health: -1/40      AC: 14    Str: 18    XL:     4   Next: 59%
Magic:  0/4        EV:  9    Int:  8    God:
Gold:   172        SH:  7    Dex: 12    Spells: 3/3 levels left

rFire   . . .      SeeInvis .    a - +0 war axe (protect)
rCold   . . .      Faith    .    c - +2 buckler
rNeg    . . .      Spirit   +    b - +0 scale mail
rPois   .          Reflect  .    (no helmet)
rElec   .          Harm     .    (no cloak)
rCorr   .          Rampage  .    (no gloves)
Will    .....                    (no boots)
Stlth   ..........               k - amulet of guardian spirit
HPRegen 0.26/turn                (no ring)
MPRegen 0.09/turn                (no ring)

@: under a protective aura
A: no striking features
a: no special abilities


You were on level 3 of the Dungeon.
You visited 1 branch of the dungeon, and saw 3 of its levels.

You collected 172 gold pieces.

Inventory:

Hand Weapons
 a - a +0 war axe of protection (weapon)
Missiles
 g - a javelin (quivered)
Armour
 b - a +0 scale mail (worn)
 c - a +2 buckler (worn)
Jewellery
 k - an amulet of guardian spirit (around neck)
Scrolls
 e - a scroll of immolation
 i - a scroll of blinking {unknown}
 m - 2 scrolls of teleportation
 n - a scroll of poison {unknown}
 q - a scroll of magic mapping {unknown}
Potions
 d - a potion of might
 f - 3 potions of heal wounds
 h - a potion of curing {unknown}
 j - 2 potions of attraction {unknown}
 l - a potion of haste {unknown}
 o - a potion of lignification {unknown}
 p - a potion of magic {unknown}


   Skills:
 - Level 4.0 Fighting
 + Level 3.9 Axes
 + Level 0.4 Throwing
 - Level 4.0 Armour
 + Level 0.2 Dodging
 + Level 4.1 Shields


You had 3 spell levels left.
You didn't know any spells.
Your spell library contained the following spells:

 Spells                   Type           Power      Damage    Failure   Level
 Ignite Poison            Fire/Tmut/Pois 0%         N/A       99%         3
 Sticky Flame             Conj/Fire      0%         2d3       100%        4
 Ignition                 Fire           0%         3d3       100%        8


Dungeon Overview and Level Annotations

Branches:
Dungeon (3/15)

Altars:

Shops:
D:1 [

Annotations:
D:3 Palms's ghost, amateur DESu


Message History

You slash the rat!
You kill the rat!
The rat's corpse disappears in a puff of smoke!
Palms's ghost gestures wildly while chanting.
An electric hum fills the air.
You hit the lightning spire but do no damage.
You slash the lightning spire!
The lightning spire is moderately damaged.
The lightning spire shoots out a bolt of lightning at you!
The bolt of electricity hits you!
You hit the lightning spire but do no damage.
The lightning spire is moderately damaged.
You barely miss the lightning spire.
The lightning spire is moderately damaged.
Palms's ghost gestures wildly while chanting.
You hit the lightning spire.
The lightning spire is moderately damaged.
Palms's ghost mumbles some strange words.
The lightning spire shoots out a bolt of lightning at you!
The bolt of electricity hits you!
You hit the lightning spire but do no damage.
The lightning spire is moderately damaged.
Palms's ghost gestures wildly while chanting.
You barely miss the lightning spire.
The lightning spire is moderately damaged.
Palms's ghost mumbles some strange words.
The lightning spire shoots out a bolt of lightning at you!
The bolt of electricity hits you!
You slash the lightning spire!
The lightning spire is almost destroyed.
You completely miss the lightning spire.
The lightning spire is almost destroyed.
The lightning spire shoots out a bolt of lightning at you!
The bolt of electricity hits you.
* * * LOW HITPOINT WARNING * * *
You hit the lightning spire but do no damage.
The lightning spire is almost destroyed.
The lightning spire shoots out a bolt of lightning at you!
The bolt of electricity hits you!
You die...

#.##.####..........+..#[..
#....#######.......##.#.##
##.................##...##
##.##########......####...
#.........# #.........#...
#.........###.............
##.........>.......#.......
#......<.....#...###.......
#...#.##.#@#.....###.......
#...#....#8#...............
#####.##.#W#.....####...[..
#.##.#b#.....#######...
#.##.#b#.......# #####
#######....#$#.......#
#....
#........^.#(##......#
#....
#......)...####......#
#.... #......#....#
#......########


You could see a lightning spire (summoned), Palms's ghost and 2 bats.

Vanquished Creatures
  4 adders
  A dart slug (D:2)
  3 bats (D:1)
  6 endoplasms
  3 giant cockroaches
  7 goblins
  3 hobgoblins
  6 jackals
  2 kobolds (D:1)
  A quokka (D:1)
  6 ball pythons
  3 frilled lizards
  2 rats
47 creatures vanquished.

Notes
Turn   | Place    | Note
-------+----------+-------------------------------------------
     0 | D:1      | Sweetruy1997 the Hill Orc Fighter began the quest for the
                  | Orb.
     0 | D:1      | Reached XP level 1. HP: 19/19 MP: 1/1
   212 | D:1      | Reached XP level 2. HP: 27/27 MP: 2/2
   425 | D:1      | Found Orus's Armour Shoppe.
   543 | D:1      | Found a faded altar of an unknown god.
   820 | D:2      | Reached XP level 3. HP: 30/33 MP: 3/3
  1169 | D:2      | Reached XP level 4. HP: 40/40 MP: 4/4
  1601 | D:3      | Found a runed translucent door.
  1601 | D:3      | Noticed Palms's ghost (amateur DESu)
  2415 | D:3      | Killed from afar by a lightning spire

Illustrated notes

Levels and vault maps discovered:
D:1:      roderic_octagonal_star, layout_basic,
          shapermc_ecumenical_altar_totnotflames, serial_shops, shop
D:2:      layout_loops_ring
D:3:      layout_basic, ebering_ghost_sewer_d, serial_bayou_lagoon_a

Skill      XL: |  1  2  3  4 |
---------------+-------------+-----
Axes           | 3 |  3.9
Fighting       | 4 |  4.0
Armour         | 4 |  4.0
Shields        | 4 |  4.1
Throwing       | |  0.4
Dodging        | |  0.2

Action                   |  1- 3 |  4- 6 || total
-------------------------+-------+-------++-------
Melee: War axe           |    85 |    34 ||   119
Throw: Javelin           |    13 |    25 ||    38
  Use: Scroll            |     1 |     6 ||     7
Armor: Scale mail        |    39 |    14 ||    53
Dodge: Dodged            |    42 |    17 ||    59
Block: Buckler           |    25 |    12 ||    37

Table legend: (Time is in decaauts)
 A = Elapsed time spent in this place.
 B = Non-inter-level travel time spent in this place.
 C = Inter-level travel time spent in this place.
 D = Time resting spent in this place.
 E = Time spent auto-exploring this place.
 F = Levels seen in this place.
 G = Mean time per level.
                   A        B        C        D        E       F      G
               +--------+--------+--------+--------+--------+-----+--------+
         Total |   2492 |   2441 |     51 |      0 |   2075 |   3 |  830.7 |
       Dungeon |   2492 |   2441 |     51 |      0 |   2075 |   3 |  830.7 |
               +--------+--------+--------+--------+--------+-----+--------+

Top non-repeatable levels by time:
     D:3: 871 daAuts
     D:1: 832 daAuts
     D:2: 788 daAuts
